Map: Acropolis LE

Players

iAsonu - Winner!

  • Race: Zerg Zerg
  • Spawn Location: 11:00

MaNa

  • Race: Protoss Protoss
  • Spawn Location: 5:00

Event: 2019 WCS Summer

VOD

Have the link to the VOD?

Description

Time

  • Played on: July 12, 2019, 2:02 p.m.
  • Length: 10:03

All games in this series

Show
View Real Time Build Order
Export as new Build Order

iAsonu Zerg - Winner!

Build Orders: Hatch First 

Get SALT Encoding   

  12  0:01  Drone  
  13  0:12  Overlord  
  13  0:16  Drone  
  14  0:31  Drone x2  
  16  0:47  Hatchery  
  15  0:51  Drone  
  15  0:55  Drone  
  17  0:58  Drone  
  18  1:09  Extractor  
  17  1:14  Spawning Pool  
  16  1:19  Drone  
  16  1:21  Drone  
  18  1:29  Drone  
  19  1:44  Drone  
  19  1:47  Hatchery  
  19  1:51  Drone  
  20  2:03  Queen  
  22  2:08  Queen  
  22  2:14  Overlord  
  24  2:18  Drone  
  24  2:21  Drone  
  26  2:25  Drone  
  27  2:30  Metabolic Boost  
  27  2:35  Drone  
  27  2:36  Drone  
  29  2:38  Zergling x2  
  29  2:40  Zergling x2  
  31  2:48  Queen  
  31  2:51  Drone  
  34  2:54  Drone  
  35  2:59  Overlord  
  35  3:03  Queen  
  37  3:06  Drone  
  37  3:11  Drone  
  39  3:14  Zergling x2  
  39  3:16  Drone  
  39  3:19  Drone x2  
  43  3:20  Drone  
  43  3:23  Drone x2  
  43  3:25  Drone  
  47  3:31  Lair  
  47  3:37  Queen  
  47  3:41  Overlord  
  49  3:43  Drone  
  50  3:54  Drone  
  49  3:56  Spore Crawler  
  49  3:58  Spore Crawler  
  49  3:59  Queen, Spore Crawler  
  49  4:01  Drone  
  49  4:03  Drone  
  49  4:07  Drone x2  
  52  4:11  Overlord  
  52  4:12  Drone  
  52  4:14  Drone x2  
  55  4:20  Drone x2  
  55  4:22  Overlord  
  57  4:24  Drone  
  57  4:27  Overlord  
  58  4:32  Drone x2  
  58  4:34  Queen  
  62  4:42  Drone  
  62  4:43  Drone x3  
  62  4:44  Extractor  
  65  4:45  Extractor  
  65  4:46  Roach Warren  
  65  4:49  Zergling x4  
  65  4:56  Drone x2  
  65  4:58  Drone x2  
  65  4:59  Zergling x2, Nydus Network  
  69  5:04  Drone  
  69  5:05  Drone x2  
  67  5:08  Drone  
  67  5:11  Drone x2  
  70  5:14  Overlord  
  70  5:15  Drone  
  70  5:19  Overlord  
  71  5:27  Overlord  
  71  5:28  Zergling x8  
  75  5:34  Zergling x6  
  78  5:38  Nydus Canal  
  78  5:43  Overlord  
  78  5:44  Zergling x8  
  78  5:46  Glial Reconstitution  
  78  5:47  Zergling x2  
  82  5:50  Zergling x2  
  83  5:57  Zergling x2  
  83  5:59  Nydus Canal  
  83  6:01  Zergling x8  
  82  6:12  Zergling x2  
  82  6:14  Nydus Canal  
  79  6:21  Roach x7  
  86  6:26  Roach  
  85  6:39  Queen x3  
  82  6:40  Drone x2  
  82  6:41  Drone, Roach  
  82  6:43  Drone  
  82  6:44  Nydus Canal  
  85  6:48  Drone  
  85  6:50  Evolution Chamber  
  85  6:51  Extractor  
  85  6:52  Drone, Extractor  
  85  6:54  Drone  
  85  6:58  Drone, Nydus Canal  
  85  7:01  Hatchery  
  85  7:03  Drone  
  85  7:06  Extractor  
  85  7:07  Spire  
  85  7:08  Drone  
  85  7:09  Drone  
  85  7:15  Roach x2  
  90  7:21  Drone  
  90  7:26  Overlord  
  90  7:28  Zerg Missile Weapons Level 1  
  90  7:31  Overlord  
  90  7:33  Roach x4  
  98  7:43  Drone x5  
  99  7:50  Drone x3  
  102  7:52  Overlord  
  102  7:54  Nydus Canal  
  102  7:56  Roach x2  
  106  8:03  Overlord  
  106  8:08  Overlord  
  102  8:20  Mutalisk x7  
  102  8:26  Roach x5  
  125  8:32  Roach x4  
  133  8:35  Nydus Canal  
  133  8:38  Roach x2  
  133  8:41  Overlord  
  137  8:47  Roach x5  
  147  8:53  Roach x2  
  147  8:54  Hatchery  
  150  8:57  Roach  
  150  9:02  Roach x4  
  158  9:09  Roach  
  154  9:12  Roach x3  
  154  9:13  Roach  
  158  9:23  Roach x5  
  146  9:28  Roach x2  
  146  9:35  Roach  
  146  9:36  Roach x5  
  154  9:41  Nydus Canal  
Show
View Real Time Build Order
Export as new Build Order

MaNa Protoss 

Build Orders: 1 Gate Expand, Oracle Opening, Zealot Archon, Archon Drop 

Get SALT Encoding   

  12  0:00  Probe  
  13  0:12  Probe  
  14  0:17  Pylon  
  14  0:24  Probe  
  15  0:32  Probe  
  15  0:40  Probe  
  16  0:43  Gateway  
  16  0:48  Assimilator  
  17  0:51  Probe  
  18  1:00  Probe  
  19  1:04  Assimilator  
  19  1:08  Probe  
  19  1:17  Probe  
  22  1:32  Cybernetics Core  
  22  1:35  Probe  
  22  1:43  Nexus  
  22  1:50  Pylon  
  22  1:53  Probe  
  23  2:02  Stalker  
  23  2:08  Stargate  
  23  2:15  Probe  
  26  2:22  Warp Gate  
  26  2:27  Probe  
  26  2:28  Pylon  
  27  2:39  Probe  
  27  2:42  Oracle  
  28  2:51  Probe  
  28  2:55  Probe  
  33  3:02  Adept  
  33  3:03  Probe  
  36  3:07  Probe  
  37  3:15  Probe  
  37  3:19  Probe  
  39  3:24  Oracle  
  42  3:28  Probe  
  42  3:29  Gateway  
  42  3:31  Probe  
  44  3:40  Robotics Facility  
  44  3:43  Assimilator  
  44  3:44  Probe x2  
  44  3:46  Assimilator  
  46  3:49  Pylon  
  46  3:56  Probe x2  
  46  4:00  Twilight Council  
  48  4:08  Probe x2  
  50  4:17  Warp Prism  
  50  4:19  Gateway  
  50  4:20  Probe x2, Gateway  
  54  4:32  Probe x2  
  54  4:36  Templar Archives  
  56  4:38  Charge  
  56  4:46  Adept x2  
  56  4:51  Gateway  
  60  4:57  Gateway  
  60  5:02  Pylon  
  60  5:20  High Templar x2  
  64  5:21  Zealot x2, Pylon  
  64  5:26  Archon  
  64  5:28  Pylon  
  68  5:29  Pylon  
  68  5:33  Nexus  
  68  5:44  Zealot  
  68  5:45  Zealot  
  68  5:46  Zealot  
  72  5:57  Zealot x3  
  71  6:06  High Templar x2  
  74  6:13  Zealot, Archon  
  76  6:19  Zealot x3  
  76  6:23  Shield Battery  
  76  6:36  Zealot  
  74  6:40  Zealot x3  
  80  6:50  Zealot x2  
  80  6:53  Probe  
  86  6:54  Probe  
  86  7:03  Zealot x4  
  94  7:14  Probe x2  
  94  7:15  Immortal  
  100  7:22  High Templar x4  
  106  7:26  Archon  
  106  7:27  Archon  
  106  7:28  Zealot x2  
  108  7:33  Pylon  
  108  7:35  Pylon  
  108  7:54  Zealot x2, Immortal  
  108  7:55  Zealot, Robotics Facility  
  118  8:26  Probe x3  
  121  8:35  Immortal  
  125  8:47  Shield Battery  
  125  9:01  Zealot x2  
  109  9:12  Phoenix  
  109  9:13  Zealot x4  
  103  9:18  Probe  
  103  9:20  Probe x2  
  91  9:27  Stalker x2  
  91  9:30  Probe  
  88  9:32  Probe x2  
  79  9:42  Probe  
  65  9:45  Zealot x2  
  63  9:56  Stalker x2  
Tags
 
Add a new tag
Caveats
  • Supply blocks, unpowered buildings, or Contaminate may cause inaccurate times.
  • Supply counts are checked every 10 seconds.